AoeStats
← Papa Gentil

African Clearing

506908826Analyzed
4v4 RM · 15d ago on Sep 15, 2026· 48m 7s· 8 players
Game mode
Random Map
Map size
Large (8 player)
Population
200
Speed
Normal
Resources
Standard
Victory
Conquest
Starting age
Dark Age
Ending age
Imperial Age
RankedLock teamsTeams togetherTeam positionsShared explorationLock speedFull tech treeHidden civsTurbo modeCheats
Victory
Defeat
🇸🇪 Berbers · Sweden
1233
+12
🇸🇪 Mongols · Sweden
1201
+14
🇸🇪 Persians · Sweden
1189
+14
🇫🇷 Japanese · France
1173
+15
1211
-16
🇨🇳 Mongols · China
1154
-14
🇺🇸 Britons · United States
1133
-13
🇨🇳 Britons · China
1105
-12
Alex
10:36 Loom
11:57 Loom
14:13 Feudal Age
22:04 Castle Age
19:48 Horse Collar
21:15 Double-Bit Axe
31:17 Arson
34:32 Wheelbarrow
34:05 Fletching
38:47 Imperial Age
40:43 Padded Archer Armor
42:12 Kataparuto
42:43 Guard Tower
43:34 Ballistics
45:02 Conscription
46:52 Horse Collar
Rullator
6:05 Loom
13:02 Feudal Age
13:28 Double-Bit Axe
20:06 Castle Age
20:02 Fletching
30:48 Horse Collar
36:17 Wheelbarrow
36:11 Padded Archer Armor
37:24 Husbandry
37:35 Bloodlines
38:09 Ballistics
38:46 Bodkin Arrow
43:12 Imperial Age
43:24 Coinage
43:36 Hand Cart
43:25 Capped Ram
45:06 Bracer
47:18 Elite Mangudai
KillerKing
4:19 Loom
16:27 Feudal Age
21:35 Castle Age
22:04 Fletching
27:03 Bodkin Arrow
32:39 Double-Bit Axe
33:37 Gold Mining
38:02 Padded Archer Armor
44:15 Town Watch
Papa Gentil
10:39 Loom
12:59 Feudal Age
16:10 Double-Bit Axe
19:00 Castle Age
18:46 Scale Barding Armor
18:32 Horse Collar
19:43 Bloodlines
19:48 Gold Mining
26:34 Chain Barding Armor
32:36 Husbandry
35:38 Forging
41:53 Wheelbarrow
47:07 Imperial Age
46:07 Elite Skirmisher
47:01 Cavalier
48:23 Bow Saw
西貢蘇tszxxx怒插慈雲山傻尻
13:04 Feudal Age
12:04 Loom
14:49 Bloodlines
16:33 Double-Bit Axe
16:30 Horse Collar
17:36 Forging
17:32 Scale Barding Armor
19:58 Wheelbarrow
24:11 Castle Age
22:38 Stone Mining
28:20 Chain Barding Armor
38:00 Heavy Plow
39:07 Hand Cart
42:04 Bow Saw
42:30 Husbandry
49:03 Imperial Age
46:20 Town Watch
大理段正纯
3:41 Loom
12:17 Feudal Age
15:04 Bloodlines
16:52 Wheelbarrow
23:01 Castle Age
22:08 Scale Barding Armor
22:15 Forging
25:43 Fletching
27:54 Bodkin Arrow
41:15 Hand Cart
46:11 Town Watch
thelight00001
13:49 Feudal Age
18:09 Castle Age
17:07 Double-Bit Axe
17:04 Horse Collar
19:31 Fletching
20:08 Bodkin Arrow
22:18 Guard Tower
24:57 Murder Holes
26:48 Loom
28:55 Pikeman
32:59 Crossbowman
36:14 Heavy Plow
41:54 Scale Mail Armor
42:04 Forging
42:24 Ballistics
42:16 Masonry
41:47 Treadmill Crane
42:18 Fortified Wall
44:05 Bow Saw
44:32 Wheelbarrow
43:42 Town Watch
43:51 Gold Mining
43:51 Stone Mining
47:46 Imperial Age
45:33 Hand Cart
45:19 Town Patrol
Ash
4:23 Loom
15:31 Feudal Age
16:03 Double-Bit Axe
18:38 Stone Mining
19:30 Fletching
28:12 Castle Age
27:36 Horse Collar
28:28 Gold Mining
29:40 Bodkin Arrow
29:45 Padded Archer Armor
32:11 Town Watch
34:20 Heavy Plow
35:00 Wheelbarrow
35:46 Padded Archer Armor
38:30 Hand Cart
43:45 Squires
45:16 Bow Saw
45:09 Bodkin Arrow
45:29 Leather Archer Armor
45:55 Gold Shaft Mining
Connection lost

Rejoining the realm…

Still unreachable

The connection could not be restored.

Session expired

The server has moved on; the page needs a fresh start.